Map: Romanticide LE

Players

Throwfordays - Winner!

  • Race: Terran Terran
  • League: Gold

AdrianMaster

  • Race: Protoss Protoss
  • League: Bronze

VOD

Have the link to the VOD?

Description

Time

  • Played on: Aug. 27, 2021, 4:22 p.m.
  • Length: 7:25
Show
View Real Time Build Order
Export as new Build Order

Throwfordays Terran - Winner!

Build Orders:  

Get SALT Encoding   

  12  0:04  SCV  
  13  0:16  SCV  
  14  0:22  Supply Depot  
  14  0:28  SCV  
  15  0:45  Barracks  
  15  0:49  Refinery  
  15  0:50  Refinery  
  15  0:51  SCV  
  16  1:00  Supply Depot  
  16  1:10  SCV  
  17  1:23  SCV  
  18  1:33  Reaper  
  18  1:35  SCV  
  20  2:05  Reaper  
  21  2:11  Barracks  
  21  2:12  SCV  
  21  2:14  Barracks  
  21  2:24  SCV  
  22  2:36  SCV  
  23  2:40  Reaper  
  24  3:15  Reaper  
  25  3:22  Reaper  
  25  3:23  Reaper  
  27  3:48  Reaper  
  27  3:55  Reaper x2  
  30  4:59  Reaper  
  31  5:03  Supply Depot  
  31  5:05  Supply Depot  
  31  5:25  Reaper x2  
  33  6:51  Barracks Reactor x2  
  33  7:00  Barracks Reactor  
Show
View Real Time Build Order
Export as new Build Order

AdrianMaster Protoss 

Build Orders:  

Get SALT Encoding   

  12  0:02  Probe  
  13  0:14  Probe  
  14  0:46  Pylon  
  14  0:49  Probe  
  16  1:04  Probe  
  1  3:47  Probe  
  1  4:00  Probe  
  1  4:12  Probe  
  1  4:24  Probe (Chrono Boost)  
  1  4:36  Probe (Chrono Boost)  
  1  5:19  Nexus  
  1  5:22  Assimilator  
Tags
 
Add a new tag
Caveats
  • Supply blocks, unpowered buildings, or Contaminate may cause inaccurate times.
  • Supply counts are checked every 10 seconds.